 Seeded DCSS version 0.28.0-45-g0d030f2227 (webtiles) character file.

Game seed: 13254252311307455508 (custom seed)

8046 croobank the Basher (level 11, -1/97 HPs)
             Began as a Minotaur Abyssal Knight on Apr 19, 2022.
             Was a High Priest of Lugonu.
             Slain by an orc priest
             ... wielding a +0 trident
              (4 damage)
             ... on level 9 of the Dungeon.
             The game lasted 00:33:32 (8999 turns).

croobank the Basher (Minotaur Abyssal Knight)       Turns: 8999, Time: 00:33:33

Health: -1/97      AC: 13    Str: 23    XL:     11   Next: 4%
Magic:  15/15      EV: 10    Int:  7    God:    Lugonu [*****.]
Gold:   398        SH:  3    Dex: 10    Spells: 10/10 levels left

rFire   . . .      SeeInvis .   a - +11 eveningstar of Voynec {flame, rC+ rN+}
rCold   + . .      Faith    .   i - +0 buckler
rNeg    + . .      Spirit   .   C - +0 chain mail
rPois   .          Reflect  .   (helmet restricted)
rElec   .          Harm     .   (no cloak)
rCorr   .          Rampage  .   g - +1 pair of gloves
Will    .....                   (no boots)
Stlth   ..........              (no amulet)
HPRegen 0.26/turn               x - ring of flight
MPRegen 0.14/turn               (no ring)

@: flying
A: horns 2, retaliatory headbutt
a: Renounce Religion, Depart the Abyss, Bend Space, Banish, Corrupt, Enter the
Abyss


You were on level 9 of the Dungeon.
You worshipped Lugonu.
Lugonu was extremely pleased with you.
You visited 1 branch of the dungeon, and saw 9 of its levels.
You visited the Abyss 1 time.

You collected 398 gold pieces.

Inventory:

Hand Weapons
 a - the +11 eveningstar of Voynec (weapon) {flame, rC+ rN+}
   (You found it on level 2 of the Dungeon)

   It burns those it strikes, dealing additional fire damage.
   rC:        It protects you from cold.
   rN:        It protects you from negative energy.
 b - a +1 hunting sling
 h - a +1 flail of holy wrath
 l - the +8 morningstar "Giant's Curse" {vorpal, Will+}
   (You found it on level 2 of the Dungeon)

   It inflicts extra damage upon your enemies.
   Will:      It increases your willpower.
 m - a +2 short sword of speed
 H - a +3 spear of distortion
 K - a +0 battleaxe
Missiles
 d - 9 poisoned darts
 j - 68 bolts
 k - 109 sling bullets
 n - 111 stones
 o - 2 atropa-tipped darts (quivered)
 p - 172 arrows
 F - 5 javelins
 I - a throwing net
Armour
 g - a +1 pair of gloves (worn)
 i - a +0 buckler (worn)
 q - a +0 ring mail
 s - a +0 leather armour
 C - a +0 chain mail (worn)
 E - a +0 plate armour
Jewellery
 x - a ring of flight (left hand)
Wands
 t - a wand of iceblast (20)
 u - a wand of flame (16)
 v - a wand of digging (3)
 y - a wand of charming (4)
Scrolls
 w - 3 scrolls of teleportation
 B - a scroll of enchant weapon
 L - a scroll of identify
Potions
 c - 2 potions of curing
 e - 2 potions of ambrosia
 f - a potion of might
 r - 4 potions of mutation
 z - 2 potions of attraction {unknown}
 A - 2 potions of lignification {unknown}
 D - a potion of heal wounds
 G - a potion of resistance {unknown}
 J - 2 potions of haste {unknown}
Miscellaneous
 M - a lightning rod (4/4)


   Skills:
 + Level 9.2 Fighting
 * Level 12.0 Maces & Flails
 + Level 8.7 Armour
 + Level 7.6 Dodging
 + Level 7.3 Invocations


You had 10 spell levels left.
You didn't know any spells.
Your spell library contained the following spells:

 Spells                   Type           Power      Damage    Failure   Level
 Beastly Appendage        Tmut           0%         N/A       98%         1
 Scorch                   Fire           0%         2d5       99%         2
 Wereblood                Tmut           0%         N/A       99%         2
 Spider Form              Tmut/Pois      0%         N/A       100%        3
 Flame Wave               Conj/Fire      0%         2d4       100%        4
 Petrify                  Tmut/Erth      0%         N/A       100%        4
 Metabolic Englaciation   Hex/Ice        0%         N/A       100%        5
 Statue Form              Tmut/Erth      0%         N/A       100%        6
 Summon Cactus Giant      Summ           0%         N/A       100%        6


Dungeon Overview and Level Annotations

Branches:
Dungeon (9/15)             Temple (0/1) D:4            Lair (0/6) D:9
    Orc: D:9-12

Altars:
Kikubaaqudgha
Nemelex Xobeh
Okawaru
Ru
Sif Muna
Wu Jian
The Shining One

Shops:
D:4 (   D:8 =


Innate Abilities, Weirdness & Mutations

You have a pair of horns on your head.
You reflexively headbutt those who attack you in melee.


Message History

You closely miss the orc priest.
You headbutt the orc priest, but do no damage.
The orc priest hits you but does no damage.
You closely miss the orc priest.
The orc priest mumbles some strange prayers to Beogh against you.
Beogh smites you!
* * * LOW HITPOINT WARNING * * *
You puncture the orc priest! You burn the orc priest.
The orc priest is severely wounded.
The orc priest closely misses you.
You impale the orc priest!! You burn the orc priest.
You kill the orc priest!
Lugonu accepts your kill.
You start resting.
An orc comes into view. It is wielding a +0 club.
Things that are here:
a +0 dagger; 2 boomerangs; a +0 leather armour You start resting.
An orc priest comes into view. It is wielding a +0 dagger.
The orc priest shouts!
The orc priest mumbles some strange prayers to Beogh against you.
You struggle to resist.
There is an open door here.
An orc priest comes into view. It is wielding a +0 trident.
The orc priest shouts!
You puncture the orc priest! You burn the orc priest.
The orc priest is almost dead.
The orc priest barely misses you. You furiously retaliate!
You headbutt the orc priest!
You kill the orc priest!
Lugonu accepts your kill.
The orc priest invokes the aid of Beogh against you.
Beogh smites you!
* * * LOW HITPOINT WARNING * * *
The orc priest invokes the aid of Beogh against you.
Beogh smites you!
* * * LOW HITPOINT WARNING * * *
An orc comes into view. It is wielding a +0 short sword.
The orc priest hits you with a +0 trident.
You die...

#..## ###PP##### ###
##..## #.......# .##..##
#.......#
..##..####....<..# #.
##...##.......# .#
###..........# #.
#...#.....)..# ..
#..#..+....)..#######
.##..#####...o..@o.....o
#..# ##'############ ..#
#).# .# #)## #)#
#.))...# #..}...#
'......'o8 ##......#..


You could see an orc priest and 2 orcs.

Vanquished Creatures
  A centaur warrior (D:9)
  A two-headed ogre (D:8)
  Pikel (D:5)
  A wyvern (D:7)
  9 yaks
  Grum (D:8)
  7 water moccasins
  An orc warrior (D:8)
  An ice beast (D:6)
  A hornet zombie (D:7)
  2 sky beasts
  3 black bears
  4 ogres
  2 wolves (D:8)
  4 centaurs
  3 lemures (D:5)
  A kobold brigand (D:9)
  3 bullfrogs (D:6)
  A gnoll sergeant (D:8)
  4 scorpions
  A water moccasin skeleton (D:5)
  4 killer bees
  4 wights
  5 electric eels (D:6)
  A howler monkey (D:8)
  2 bullfrog zombies
  4 centaur zombies
  2 jellies (D:8)
  2 hounds
  2 gnoll shamans
  5 orc priests
  Jessica (D:3)
  A centaur skeleton (D:7)
  12 orc wizards
  5 iguanas
  Ijyb (D:4)
  A killer bee zombie (D:6)
  A howler monkey zombie (D:6)
  13 gnolls
  A howler monkey skeleton (D:4)
  7 adders
  2 shadow imps (D:6)
  A white imp (D:5)
  An ufetubus (D:5)
  A worm (D:2)
  3 dart slugs
  34 orcs
  5 bats
  12 endoplasms
  2 giant cockroaches
  7 hobgoblins
  7 jackals
  3 quokkas
  6 ball pythons
  2 frilled lizards
  7 goblins
  10 kobolds
  5 rats
234 creatures vanquished.

Vanquished Creatures (collateral kills)
  A hobgoblin (D:2)
1 creature vanquished.

Vanquished Creatures (others)
  52 plants (D:6)
52 creatures vanquished.

Grand Total: 287 creatures vanquished

Notes
Turn   | Place    | Note
-------+----------+-------------------------------------------
     0 | Abyss:1  | croobank the Minotaur Abyssal Knight began the quest for
                  | the Orb.
     0 | Abyss:1  | Reached XP level 1. HP: 19/19 MP: 1/1
    13 | D:1      | Escaped the Abyss
   395 | D:1      | Reached XP level 2. HP: 27/27 MP: 2/2
   704 | D:1      | Reached ** piety under Lugonu
   859 | D:1      | Reached XP level 3. HP: 33/33 MP: 3/3
  1401 | D:2      | Reached skill level 3 in Maces & Flails
  1854 | D:2      | Identified the +11 eveningstar of Voynec {flame, rC+ rN+}
  2106 | D:2      | Identified the +8 morningstar "Giant's Curse" {vorpal,
                  | Will+}
  2116 | D:2      | Reached XP level 4. HP: 40/40 MP: 4/4
  2674 | D:3      | Found a faded altar of an unknown god.
  2906 | D:3      | Noticed Jessica
  2910 | D:3      | Killed Jessica
  2911 | D:3      | Reached XP level 5. HP: 42/47 MP: 4/6
  3210 | D:4      | Noticed Ijyb
  3214 | D:4      | Killed Ijyb
  3215 | D:4      | Reached skill level 4 in Maces & Flails
  3254 | D:4      | Reached *** piety under Lugonu
  3353 | D:4      | Reached XP level 6. HP: 53/53 MP: 7/7
  3442 | D:4      | Found a staircase to the Ecumenical Temple.
  3556 | D:4      | Found Senwall's Antique Weapon Emporium.
  3809 | D:5      | Entered Level 5 of the Dungeon
  3814 | D:5      | Reached skill level 5 in Maces & Flails
  3839 | D:5      | Reached skill level 5 in Fighting
  3915 | D:5      | Reached XP level 7. HP: 54/61 MP: 8/8
  3920 | D:5      | Found an ornate altar of the Wu Jian Council.
  4269 | D:5      | Noticed Pikel
  4284 | D:5      | Killed Pikel
  4285 | D:5      | Reached skill level 7 in Maces & Flails
  4285 | D:5      | Reached skill level 5 in Armour
  4285 | D:5      | Reached XP level 8. HP: 69/70 MP: 8/10
  4916 | D:5      | Found a sparkling altar of Nemelex Xobeh.
  4916 | D:5      | Found an iron altar of Okawaru.
  5321 | D:6      | Reached skill level 8 in Maces & Flails
  5322 | D:6      | Reached skill level 5 in Dodging
  5332 | D:6      | Reached skill level 5 in Invocations
  5407 | D:6      | Reached **** piety under Lugonu
  5491 | D:6      | Reached XP level 9. HP: 78/78 MP: 11/11
  5682 | D:6      | Reached skill level 9 in Maces & Flails
  6481 | D:6      | Found a sacrificial altar of Ru.
  6840 | D:7      | Reached skill level 10 in Maces & Flails
  7008 | D:7      | Reached XP level 10. HP: 78/88 MP: 13/13
  7346 | D:7      | Reached ***** piety under Lugonu
  7394 | D:7      | Found an ancient bone altar of Kikubaaqudgha.
  7509 | D:8      | Found Luxuaf's Jewellery Shoppe.
  7537 | D:8      | Noticed a two-headed ogre
  7544 | D:8      | Killed a two-headed ogre
  7628 | D:8      | Noticed Grum
  7641 | D:8      | Killed Grum
  7643 | D:8      | Reached skill level 11 in Maces & Flails
  8743 | D:9      | Found a shimmering blue altar of Sif Muna.
  8884 | D:9      | Found a staircase to the Lair.
  8893 | D:9      | Found a glowing golden altar of the Shining One.
  8926 | D:9      | Noticed a centaur warrior
  8935 | D:9      | Killed a centaur warrior
  8947 | D:9      | Reached XP level 11. HP: 37/97 MP: 15/15
  8957 | D:9      | Reached skill level 12 in Maces & Flails
  8998 | D:9      | HP: 2/97 [orc priest/divine providence (7)]
  8999 | D:9      | Slain by an orc priest

Illustrated notes

Levels and vault maps discovered:
D:1:      ncdulo_lavacross, layout_loops_ring
D:2:      layout_loops_corners
D:3:      layout_loops_cross, chequers_ecumenical_altar_grove, uniq_jessica
D:4:      layout_cave_pools, temple_doors_cd, serial_shops, shop, uniq_ijyb
D:5:      layout_layer_cave, nicolae_wu_jian_wuxing_cycle,
          gammafunk_temple_overflow_statue, grunt_tough_drop, uniq_pikel
D:6:      layout_basic, nicolae_ru_great_annihilating_truth, serial_bayou,
          serial_bayou_crossing, serial_bayou_lagoon_a, serial_bayou_lake_a,
          serial_bayou_lagoon_b, minmay_joined_circles
D:7:      layout_rooms, lemuel_coloured_pillars_altar
D:8:      layout_cave_pools, serial_shops, nicolae_square_shop, uniq_grum
D:9:      layout_roguey, mainiacjoe_overflow_alcove_4, old_standard_altar,
          tso_metal_star, lair_entry_dummy, hiddenorc2_lemuel, serial_bayou,
          serial_bayou_ford_a, serial_bayou_shore_b, serial_bayou_pond_a,
          serial_bayou_pond_d, serial_bayou_pond_d, grunt_decor_junction

Skill      XL: |  1  2  3  4  5  6  7  8  9 10 11 |
---------------+----------------------------------+-----
Invocations    | 2 3 4 5 6 7 |  7.3
Fighting       | 4 5 6 7 9 |  9.2
Maces & Flails | 3 4 5 7 8 10 11 12 | 12.0
Armour         | 3 4 5 6 7 8 |  8.7
Dodging        | 2 3 4 5 6 7 |  7.6

Action                   |  1- 3 |  4- 6 |  7- 9 | 10-12 || total
-------------------------+-------+-------+-------+-------++-------
Melee: Mace              |    23 |       |       |       ||    23
       Headbutt          |    12 |     5 |    23 |    24 ||    64
       Flail             |    49 |       |       |       ||    49
       Eveningstar       |     8 |    84 |   137 |   144 ||   373
Throw: Dart              |       |       |     1 |     2 ||     3
Evoke: Wand              |       |       |    10 |       ||    10
  Use: Scroll            |     4 |     4 |     2 |     3 ||    13
       Potion            |       |     1 |       |       ||     1
 Stab: Sleeping          |     1 |       |       |       ||     1
Armor: Leather armour    |    18 |     7 |       |       ||    25
       Ring mail         |       |    29 |    56 |       ||    85
       Chain mail        |       |       |     7 |    66 ||    73
Dodge: Dodged            |    39 |    38 |    82 |    64 ||   223
Block: Buckler           |     1 |     9 |    16 |    22 ||    48
